 Dungeon Crawl Stone Soup version 0.21.1-1-g345015f (webtiles) character file.

984 kae the Insei (level 8, -3/52 HPs)
             Began as an Octopode Transmuter on May 30, 2018.
             Was an Initiate of Okawaru.
             Slain by an orc
             ... wielding a +2 flail of protection
              (7 damage)
             ... on level 6 of the Dungeon.
             The game lasted 00:06:20 (7450 turns).

kae the Insei (Octopode Transmuter)                 Turns: 7450, Time: 00:06:21

Health: -3/52      AC:  1    Str:  9    XL:     8   Next: 18%
Magic:  12/13      EV: 15    Int: 16    God:    Okawaru [......]
Gold:   390        SH:  0    Dex: 14    Spells: 8/14 levels left

rFire    . . .     SeeInvis .     - Unarmed
rCold    . . .     Gourm    .   (no shield)
rNeg     . . .     Faith    .   (helmet restricted)
rPois    .         Spirit   .   (no amulet)
rElec    .         Reflect  .   f - ring of flight
rCorr    .         Harm     .   (no ring)
MR       .....                  (no ring)
Stlth    ++........             (no ring)
HPRegen  0.17/turn              (no ring)
MPRegen  0.13/turn              (no ring)
                                (no ring)
                                (no ring)

@: no status effects
A: almost no armour, stealthy swim, amphibious, 8 rings, constrict 8, camouflage
1, gelatinous body 1
a: Renounce Religion, Evoke Flight


You were on level 6 of the Dungeon.
You worshipped Okawaru.
Okawaru was noncommittal.
You were not hungry.

You visited 2 branches of the dungeon, and saw 7 of its levels.

You collected 390 gold pieces.

Inventory:

Missiles
 a - 26 arrows
Jewellery
 f - a ring of flight (left tentacle)
Scrolls
 d - a scroll of enchant armour
 j - a scroll of fear
 k - 2 scrolls of teleportation
 l - 2 scrolls of immolation {unknown}
 n - 4 scrolls of remove curse
Potions
 e - a potion of heal wounds
 g - 2 potions of curing
 h - a potion of lignification
 i - a potion of might
 m - a potion of cancellation {unknown}
Books
 b - a book of Changes

   Spells                             Type                      Level
   a - Beastly Appendage              Transmutation                1
   b - Sticks to Snakes               Transmutation                2
   c - Spider Form                    Transmutation/Poison         3
   d - Ice Form                       Ice/Transmutation            4
   e - Blade Hands                    Transmutation                5
Comestibles
 c - 11 rations


   Skills:
 + Level 3.5 Fighting
 + Level 3.8 Dodging
 * Level 5.6 Unarmed Combat
 + Level 3.6 Spellcasting
 * Level 5.1 Transmutations
 + Level 0.7 Invocations


You had 8 spell levels left.
You knew the following spells:

 Your Spells              Type           Power        Failure   Level  Hunger
a - Beastly Appendage     Tmut           ###...       1%          1    None
b - Sticks to Snakes      Tmut           ###.....     3%          2    ##.....
c - Spider Form           Tmut/Pois      ##........   19%         3    ###....


Dungeon Overview and Level Annotations

Branches:
Dungeon (6/15)             Temple (1/1) D:6

Altars:
Cheibriados
Dithmenos
Fedhas
Gozag
Makhleb
Nemelex Xobeh
Okawaru
Qazlal
Ru
Sif Muna
Trog
Uskayaw
Vehumet
Wu Jian
Xom
Yredelemnul
Zin
The Shining One
Beogh

Annotations:
D:4 Jaiteiro's ghost, amateur OpWz
D:5 Jaiteiro's ghost, novice OpWz


Innate Abilities, Weirdness & Mutations

You cannot wear most types of armour.
You are very stealthy in the water. (Stealth+)
You are amphibious.
You can wear up to eight rings at the same time.
You can use your tentacles to constrict eight enemies at once.
Your skin changes colour to match your surroundings (Stealth+).
Your rubbery body absorbs attacks. (AC +1, EV +1)


Message History

You barely miss the ice beast.
The ice beast is almost dead.
The orc priest misses you. The ice beast completely misses you.
The orc misses you.
You hit the ice beast.
You kill the ice beast!
Okawaru accepts your kill.
The orc priest hits you but does no damage.
The orc closely misses you.
You hit the orc priest.
The orc priest looks as sick as possible!
The orc priest is almost dead.
You kill the orc priest!
Okawaru accepts your kill. The orc hits you with a whip.
* * * LOW HITPOINT WARNING * * *
You hit the orc but do no damage.
The orc is poisoned.
Your transformation has ended.
The orc hits you with a flail of protection!
You die...

.................#....#.......#..
.........##'####+#....##########.
.....##+###..##>....### . #####
##...#.....# #....#.....#
#....#.....# #....'.....#
#....#.oo..# ###+##.@)..######
#.....####.....# #.....# #.....#
#.....# #....o+ #.....# #.....#
+.....# #....o.o..o. #.....
######...... .##+#. ....(. ......


You could see 2 orcs.

Vanquished Creatures
  Menkaure (D:4)
  2 ice beasts
  An ogre (D:5)
  A bullfrog (D:2)
  A crimson imp (D:6)
  A jelly (D:2)
  2 hounds (D:5)
  2 orc priests
  An orc wizard (D:3)
  An iguana (D:4)
  2 worker ants
  3 hound skeletons
  3 gnolls (D:3)
  6 adders
  An ooze (D:1)
  An adder skeleton (D:4)
  4 worms
  2 leopard geckos
  18 orcs
  3 giant cockroaches
  7 goblins
  12 hobgoblins
  13 jackals
  A ball python (D:2)
  4 bats
  8 frilled lizards
  A jackal zombie (D:5)
  6 kobolds
  A leopard gecko skeleton (D:2)
  A quokka skeleton (D:6)
  3 rats
113 creatures vanquished.

Notes
Turn   | Place    | Note
-------+----------+-------------------------------------------
     0 | D:1      | kae the Octopode Transmuter began the quest for the Orb.
     0 | D:1      | Reached XP level 1. HP: 13/13 MP: 3/3
   399 | D:1      | Reached XP level 2. HP: 12/18 MP: 5/5
  1007 | D:1      | Reached XP level 3. HP: 16/23 MP: 4/6
  1107 | D:1      | Learned a level 2 spell: Sticks to Snakes
  1111 | D:1      | Learned a level 3 spell: Spider Form
  1633 | D:2      | Noticed a bullfrog
  1634 | D:2      | Found a transporter.
  1643 | D:2      | Found a transporter.
  1947 | D:2      | Found a sparkling altar of Nemelex Xobeh.
  1975 | D:2      | Reached XP level 4. HP: 28/28 MP: 5/7
  2216 | D:2      | Found an opulent altar of Gozag.
  2335 | D:2      | Found a shimmering altar of Xom.
  2652 | D:2      | Killed a bullfrog
  2652 | D:2      | Reached XP level 5. HP: 34/34 MP: 8/8
  3087 | D:3      | Found a snail-covered altar of Cheibriados.
  3610 | D:3      | Reached XP level 6. HP: 22/39 MP: 10/10
  4432 | D:3      | Found a bloodstained altar of Trog.
  4499 | D:3      | Found a roughly hewn altar of Beogh.
  5290 | D:4      | Noticed Jaiteiro's ghost (amateur OpWz)
  5671 | D:4      | Noticed Menkaure
  5692 | D:4      | Killed Menkaure
  5692 | D:4      | Reached XP level 7. HP: 29/45 MP: 8/11
  6294 | D:5      | Entered Level 5 of the Dungeon
  6341 | D:5      | Reached skill level 5 in Unarmed Combat
  6357 | D:5      | Found a radiant altar of Vehumet.
  7126 | D:5      | Noticed Jaiteiro's ghost (novice OpWz)
  7127 | D:6      | Found a staircase to the Ecumenical Temple.
  7157 | Temple   | Entered the Ecumenical Temple
  7211 | Temple   | Became a worshipper of Warmaster Okawaru
  7263 | D:6      | Reached skill level 5 in Transmutations
  7263 | D:6      | Reached XP level 8. HP: 39/52 MP: 13/13
  7450 | D:6      | Slain by an orc

Skill      XL: |  1  2  3  4  5  6  7 |
---------------+----------------------+-----
Transmutations | 3 4 5 |  5.1
Fighting       | 2 3 |  3.5
Unarmed Combat | 4 5 |  5.6
Dodging        | 3 |  3.8
Spellcasting   | 3 |  3.6
Invocations    | |  0.7

Action                   |  1- 3 |  4- 6 |  7- 9 || total
-------------------------+-------+-------+-------++-------
Melee: Unarmed           |    83 |   159 |    98 ||   340
       Constrict         |    22 |    26 |    18 ||    66
       Tentacles         |    16 |    18 |    13 ||    47
       Kick              |     6 |     6 |     2 ||    14
       Punch             |     2 |     2 |     4 ||     8
 Cast: Beastly Appendage |    10 |     3 |     1 ||    14
       Spider Form       |       |     7 |     3 ||    10
       Sticks to Snakes  |       |       |     9 ||     9
  Use: Scroll            |       |    10 |     2 ||    12
       Potion            |       |     5 |     1 ||     6
 Stab: Sleeping          |     5 |     1 |     1 ||     7
  Eat: Chunk             |     3 |     8 |     5 ||    16
       Ration            |       |     1 |     1 ||     2
Armor: Skin              |     8 |     8 |     3 ||    19
Dodge: Dodged            |    56 |   101 |    79 ||   236
